 Dungeon Crawl Stone Soup version 0.18-a0-1666-g3ea6f2b (webtiles) character file.

37 Tonyroy the Grave Robber (level 3, 0/24 HPs)
             Began as a Demonspawn Necromancer on Mar 29, 2016.
             Succumbed to an adder's poison
             ... on level 2 of the Dungeon on Mar 31, 2016.
             The game lasted 01:44:47 (1598 turns).

Tonyroy the Grave Robber (Demonspawn Necromancer)   Turns: 1598, Time: 01:44:48

Health: 0/24       AC:  4    Str: 13    XL:     3   Next: 21%
Magic:  1/6        EV: 12    Int: 17    God:
Gold:   66         SH:  0    Dex: 13    Spells: 2 memorised, 4 levels left

rFire  . . .     SeeInvis .     (no weapon)
rCold  . . .     Gourm    .     f - +0 robe
rNeg   . . .     Faith    .     (no shield)
rPois  .         Spirit   +     (no helmet)
rElec  .         Dismiss  .     (no cloak)
rCorr  .         Reflect  .     (no gloves)
SustAt .         Harm     .     (no boots)
MR     .....                    (no amulet)
Stlth  ++........               (no ring)
                                (no ring)

@: mighty, lethally poisoned (0 -> -3), not resistant to hostile enchantments,
unstealthy
A: yellow scales 1, magic shield
a: no special abilities


You were on level 2 of the Dungeon.
You were hungry.

You visited 1 branch of the dungeon, and saw 2 of its levels.

You collected 66 gold pieces.

Inventory:

Armour
 a - a +0 robe
 e - a +0 robe
 f - a +0 robe (worn)
Books
 b - a book of Necromancy

   Spells                             Type                      Level
   a - Pain                           Necromancy                   1
   b - Animate Skeleton               Necromancy                   1
   c - Vampiric Draining              Necromancy                   3
   d - Regeneration                   Charms/Necromancy            3
   e - Animate Dead                   Necromancy                   4
   f - Control Undead                 Necromancy                   4
Comestibles
 c - a bread ration
 d - 5 chunks of flesh
 g - a meat ration
 i - a beef jerky


   Skills:
 + Level 0.2 Fighting
 + Level 2.1 Dodging
 + Level 1.9 Stealth
 + Level 0.5 Unarmed Combat
 + Level 2.2 Spellcasting
 + Level 5.0 Necromancy


You had 4 spell levels left.
You knew the following spells:

 Your Spells              Type           Power        Failure   Level  Hunger
a - Pain                  Necr           ###.         2%          1    #......
z - Animate Skeleton      Necr           N/A          2%          1    #......


Dungeon Overview and Level Annotations

Branches:
Dungeon (2/15)

Altars:


Innate Abilities, Weirdness & Mutations

You are partially covered in yellow scales (AC +2).
When hurt, damage is shared between your health and your magic reserves.


Message History

Aim: an adder (chance to defeat MR: 84%)
The adder convulses in agony!
The adder bites you.
* * * LOW HITPOINT WARNING * * *
Unknown command.
Drink which item? (? for menu, Esc to quit)
It was a potion of might.
You feel very mighty all of a sudden.
* * * LOW HITPOINT WARNING * * *
You feel sick. The adder bites you.
* * * LOW HITPOINT WARNING * * *
The adder closely misses you.
Unknown command.
Read which item? (? for menu, Esc to quit)
Okay, then.
The adder barely misses you.
* * * LOW HITPOINT WARNING * * *
You feel sick. The adder completely misses you. The adder barely misses you.
You die...

#.## #.###$#......
#..#####.###.#.....#
##.......<.......##
#...............#
##......w.......#
#..............#
#).............#
#...S............
#<@............###
#............###
#..........###
############


You could see an adder and a dart slug.

Vanquished Creatures
  2 giant geckos
  4 bats (D:1)
  A giant cockroach (D:2)
  4 goblins
  6 hobgoblins
  6 jackals (D:1)
  2 kobolds (D:1)
  4 rats (D:1)
29 creatures vanquished.

Vanquished Creatures (collateral kills)
  2 rats (D:1)
2 creatures vanquished.

Grand Total: 31 creatures vanquished

Notes
Turn   | Place    | Note
--------------------------------------------------------------
     0 | D:1      | Tonyroy the Demonspawn Necromancer began the quest for the Orb.
     0 | D:1      | Reached XP level 1. HP: 13/13 MP: 3/3
    42 | D:1      | Learned a level 1 spell: Animate Skeleton
   463 | D:1      | Gained mutation: When hurt, damage is shared between your health and your magic reserves. [demonic ancestry]
   463 | D:1      | Reached XP level 2. HP: 19/19 MP: 5/5
   831 | D:1      | Reached skill level 5 in Necromancy
  1430 | D:1      | Gained mutation: You are partially covered in yellow scales (AC +2). [demonic ancestry]
  1430 | D:1      | Reached XP level 3. HP: 24/24 MP: 4/6
  1519 | D:1      | Upgraded the game from 0.18-a0-1649-g8d9735b to 0.18-a0-1666-g3ea6f2b
  1590 | D:2      | HP: 1/24 [adder (1)]
  1598 | D:2      | Succumbed to an adder's poison

Vault maps used:
D:1:      saegor_arrival_simple_c, minivault_24
D:2:      lemuel_doored_altar, kennysheep_generic_room_12

Skill      XL: |  1  2 |
---------------+-------+-----
Necromancy     | 5 |  5.0
Dodging        | 2 |  2.1
Fighting       | |  0.2
Stealth        | |  1.9
Unarmed Combat | |  0.5
Spellcasting   | |  2.2

Action                   || total
-------------------------++-------
Melee: Unarmed           ||    51
 Cast: Pain              ||    33
       Animate Skeleton  ||    12
  Use: Potion            ||     1
 Stab: Distracted        ||     1
  Eat: Chunk             ||     2
